 Dungeon Crawl Stone Soup version 0.29-a0-723-gce39da1c22 (webtiles) character file.

Game seed: 11815762955715073707

5361 DuloT34 the Frost Mage (level 10, -11/88 HPs)
             Began as a Demigod Ice Elementalist on June 28, 2022.
             Shot with an arrow by a centaur warrior (15 damage)
             ... on level 9 of the Dungeon.
             The game lasted 00:27:13 (11176 turns).

DuloT34 the Frost Mage (Demigod Ice Elementalist)  Turns: 11176, Time: 00:27:14

Health: -11/88     AC:  7    Str: 13    XL:     10   Next: 16%
Magic:  0/24       EV: 14    Int: 25    God:
Gold:   358        SH:  0    Dex: 14    Spells: 8/23 levels left

rFire   + . .      SeeInvis .   b - +7 long sword of Spores {flame, *Slow rElec rF+ rC++}
rCold   + + .      Faith    .   (no shield)
rNeg    . . .      Spirit   .   I - +0 steam dragon scales
rPois   +          Reflect  .   (no helmet)
rElec   +          Harm     .   v - scarf {+Inv}
rCorr   .          Rampage  .   x - +1 pair of gloves
Will    +....                   (no boots)
Stlth   +++.......              g - amulet of regeneration
HPRegen 1.04/turn               t - ring of the Duke {rElec rPois Stlth+}
MPRegen 0.19/turn               (no ring)

@: no status effects
A: high MP 1, forlorn, divine attributes
a: Evoke Invisibility


You were on level 9 of the Dungeon.
You visited 1 branch of the dungeon, and saw 9 of its levels.
You also visited: Bailey.

You collected 358 gold pieces.

Inventory:

Hand Weapons
 b - the +7 long sword of Spores (weapon) {flame, *Slow rElec rF+ rC++}
   (You found it on level 8 of the Dungeon)

   It burns those it strikes, dealing additional fire damage.
   Big, fiery blades are also staple armaments of hydra-hunters.
   rF:        It protects you from fire.
   rC:        It greatly protects you from cold.
   rElec:     It insulates you from electricity.
   *Slow:     It may slow you when you take damage.
 u - a +0 short sword
 D - a +0 vorpal spear
Armour
 a - a +0 robe
 v - a scarf of invisibility (worn)
 x - a +1 pair of gloves (worn)
 I - +0 steam dragon scales (worn)
Jewellery
 g - an amulet of regeneration (around neck)
 t - the ring of the Duke (left hand) {rElec rPois Stlth+}
   (You found it on level 3 of the Dungeon)

   [ring of poison resistance]

   rElec:     It insulates you from electricity.
   rPois:     It protects you from poison.
   Stlth:     It makes you more stealthy.
 E - an amulet of magic regeneration
 J - the ring "Ufaureps" {rN+ Will++ Str+3 Dex+6}
   (You took it off a centaur on level 8 of the Dungeon)

   [ring of dexterity]

   Str:       It affects your strength (+3).
   Dex:       It affects your dexterity (+6).
   rN:        It protects you from negative energy.
   Will:      It greatly increases your willpower.
 K - a +4 ring of evasion
Wands
 B - a wand of flame (26)
 C - a wand of iceblast (25)
Scrolls
 c - 3 scrolls of noise
 l - 2 scrolls of magic mapping
 p - 4 scrolls of identify
 q - 2 scrolls of fog
 s - a scroll of summoning {unknown}
 w - a scroll of enchant armour {unknown}
 y - a scroll of enchant weapon {unknown}
 A - a scroll of teleportation
 F - 3 scrolls of amnesia
 H - a scroll of brand weapon {unknown}
Potions
 e - 4 potions of lignification {unknown}
 f - 4 potions of mutation
 h - a potion of haste {unknown}
 i - 2 potions of flight
 j - 4 potions of brilliance
 k - a potion of attraction {unknown}
 m - 2 potions of ambrosia {unknown}
 o - a potion of heal wounds {unknown}
 r - a potion of berserk rage
 z - 4 potions of degeneration
 G - a potion of invisibility {unknown}


   Skills:
 + Level 7.8 Fighting
 - Level 4.9 Dodging
 - Level 1.7 Stealth
 + Level 7.1 Spellcasting
 + Level 8.8 Ice Magic


You had 8 spell levels left.
You knew the following spells:

 Your Spells              Type           Power      Damage    Failure   Level
a - Freeze                Ice            100%       1d11      1%          1
b - Ozocubu's Armour      Ice            52%        N/A       1%          3
c - Frozen Ramparts       Ice            100%       1d12      1%          3
d - Hailstorm             Conj/Ice       30%        3d8       11%         4
e - Summon Ice Beast      Ice/Summ       30%        N/A       11%         4

Your spell library contained the following spells:

 Spells                   Type           Power      Damage    Failure   Level
 Dazzling Flash           Conj/Hex       16%        N/A       21%         3
 Gell's Gravitas          Tloc           8%         N/A       21%         3
 Lesser Beckoning         Tloc           8%         N/A       21%         3
 Teleport Other           Tloc           8%         N/A       21%         3
 Agony                    Necr           8%         N/A       88%         5
 Silence                  Hex/Air        4%         N/A       88%         5
 Summon Mana Viper        Hex/Summ       8%         N/A       88%         5
 Dispersal                Tloc           4%         N/A       100%        6
 Monstrous Menagerie      Summ           4%         N/A       100%        7


Dungeon Overview and Level Annotations

Branches:
Dungeon (9/15)             Temple (0/1) D:5          Bailey (visited)
   Lair: D:8-11         Orc: D:9-12

Annotations:
D:8 4 runed translucent doors


Innate Abilities, Weirdness & Mutations

You have an increased reservoir of magic. (+10% MP)
You shall have no god before yourself.
Your divine heritage dramatically boosts your attributes as you level up.


Message History

The centaur warrior shoots an arrow.
The arrow hits you!!
The centaur warrior shoots an arrow.
The arrow closely misses you. The arrow hits your ice beast!
Your icy armour will break if you move.
Continue?
Your icy armour cracks and falls away as you move.
The centaur warrior shoots an arrow.
The arrow completely misses you.
Casting: Summon Ice Beast (dangerous; 11% risk of failure)
Confirm with . or Enter, or press ? or * to list all spells.
Casting: Frozen Ramparts (safe; 1% risk of failure)
Press: ? - help, Dir - look around, f - activate The walls around you are covered in ice.
The centaur warrior shoots an arrow.
The arrow hits you!
The centaur warrior shoots an arrow.
The arrow hits you!
* * * LOW HITPOINT WARNING * * *
Casting: Frozen Ramparts (safe; 1% risk of failure)
Confirm with . or Enter, or press ? or * to list all spells.
A film of ice covers your body!
The centaur warrior shoots an arrow.
The arrow hits you!
* * * LOW HITPOINT WARNING * * *
You hear a shout!
You feel better.
The centaur warrior shoots an arrow.
The arrow hits your ice beast!
Your ice beast dies!
Your ice beast disappears in a puff of smoke!
The centaur warrior shoots an arrow.
The arrow hits you but does no damage.
Casting: Ozocubu's Armour (safe; 1% risk of failure)
Confirm with . or Enter, or press ? or * to list all spells.
You cannot sustain more frozen ramparts right now.
Casting: Frozen Ramparts (safe; 1% risk of failure)
Confirm with . or Enter, or press ? or * to list all spells.
A chill wind blows around you.
The centaur warrior shoots an arrow.
The arrow hits you.
* * * LOW HITPOINT WARNING * * *
You hear a shout!
Your icy armour and frozen ramparts will break if you move.
Continue?
Your icy armour cracks and falls away as you move.
The frozen ramparts melt away as you move.
The centaur warrior shoots an arrow.
The arrow barely misses you.
The centaur warrior shoots an arrow.
The arrow hits you!
You die...

#################
#.......#@.Y)...#
#.......#.#.#.#.#
#............c...
#.......##########
####........#....#
#........'....#
#........#....#
##.......+....#
#.......#....#


You could see a centaur warrior (ally target) and a friendly ice beast
(summoned).

Vanquished Creatures
  A boulder beetle (D:9)
  A cyclops (D:6)
  A wraith (D:8)
  A wyvern (D:8)
  A yak (D:9)
  A steam dragon (D:8)
  A vampire mosquito (D:8)
  A water moccasin (D:8)
  A sky beast (D:7)
  2 orc warriors (D:7)
  2 ice beasts
  3 black bears
  An ogre (D:7)
  3 centaurs
  2 kobold brigands
  3 gnoll sergeants
  4 bullfrogs
  A necrophage (D:6)
  3 scorpions
  7 wights (D:8)
  An electric eel (D:6)
  5 howler monkeys
  2 hounds (D:6)
  A jelly (D:4)
  3 gnoll shamans
  8 orc priests
  4 iguanas
  5 orc wizards
  29 gnolls
  8 adders
  A shadow imp (D:6)
  2 white imps
  3 worms
  3 dart slugs
  22 orcs
  8 ball pythons
  3 endoplasms
  3 giant cockroaches
  9 goblins
  7 hobgoblins
  22 kobolds
  5 quokkas
  6 bats
  3 rats
203 creatures vanquished.

Notes
Turn   | Place    | Note
-------+----------+-------------------------------------------
     0 | D:1      | DuloT34 the Demigod Ice Elementalist began the quest for
                  | the Orb.
     0 | D:1      | Reached XP level 1. HP: 14/14 MP: 5/5
   660 | D:1      | Reached XP level 2. HP: 22/22 MP: 2/7
  1534 | D:2      | You fall into a shaft and drop 1 floor!
  1612 | D:3      | Reached skill level 1 in Fighting
  1722 | D:3      | Reached XP level 3. HP: 22/28 MP: 4/8
  2060 | D:2      | Learned a level 3 spell: Ozocubu's Armour
  2294 | D:2      | Reached skill level 4 in Ice Magic
  2978 | D:3      | Reached XP level 4. HP: 32/35 MP: 3/10
  2988 | D:3      | Learned a level 3 spell: Frozen Ramparts
  3561 | D:3      | Identified the ring of the Duke {rElec rPois Stlth+}
  4034 | D:4      | Reached XP level 5. HP: 38/41 MP: 2/12
  4434 | D:5      | Entered Level 5 of the Dungeon
  4781 | D:5      | Reached XP level 6. HP: 46/50 MP: 1/13
  4914 | D:5      | Reached skill level 5 in Ice Magic
  4922 | D:5      | Reached XP level 7. HP: 40/57 MP: 1/15
  5284 | D:5      | Found a staircase to the Ecumenical Temple.
  6037 | D:6      | Noticed a cyclops
  6053 | D:6      | Killed a cyclops
  6054 | D:6      | Reached XP level 8. HP: 53/67 MP: 6/17
  6162 | D:6      | Reached skill level 6 in Ice Magic
  6363 | D:6      | Learned a level 4 spell: Hailstorm
  7064 | D:6      | Reached skill level 5 in Fighting
  7530 | D:7      | Reached skill level 5 in Spellcasting
  7576 | D:7      | Reached skill level 7 in Ice Magic
  7629 | D:7      | Found a flagged portal.
  7636 | Bailey   | Entered a bailey
  8065 | D:7      | Reached XP level 9. HP: 68/75 MP: 12/20
  8670 | D:7      | Learned a level 4 spell: Summon Ice Beast
  9124 | D:8      | Found a large runed translucent door.
  9549 | D:8      | Reached skill level 8 in Ice Magic
 10113 | D:8      | Found a large runed translucent door.
 10113 | D:8      | Found a large runed translucent door.
 10152 | D:8      | Found a large runed translucent door.
 10155 | D:8      | Noticed a white ugly thing
 10316 | D:8      | Identified the +7 long sword of Spores {flame, *Slow rElec
                  | rF+ rC++}
 10356 | D:8      | Identified the ring "Ufaureps" {rN+ Will++ Str+3 Dex+6}
 10446 | D:8      | Reached XP level 10. HP: 86/86 MP: 14/24
 10672 | D:9      | Noticed a two-headed ogre
 11150 | D:9      | Noticed a boulder beetle
 11158 | D:9      | Killed a boulder beetle
 11169 | D:9      | Noticed a centaur warrior
 11173 | D:9      | HP: 1/88 [centaur warrior/arrow (15)]
 11176 | D:9      | Shot with an arrow by a centaur warrior

Illustrated notes

Levels and vault maps discovered:
D:1:      saegor_arrival_simple_d, layout_basic, minmay_tripent
D:2:      minmay_door_path, layout_basic, shapermc_ecumenical_altar_ellora
D:3:      layout_basic, kennysheep_generic_room_10
D:4:      layout_rooms, mainiacjoe_overflow_alcove_1,
          mainiacjoe_overflow_small_starburst
D:5:      layout_basic, minmay_temple_entry_trees
D:6:      layout_cave_pods, general_overflow_altar, minivault_5,
          kennysheep_big_empty_room
D:7:      layout_basic, nicolae_dithmenos_through_a_glass_darkly, enter_bailey_3
D:8:      layout_cave_pools, minmay_splitting_lines,
          minmay_hollow_rounded_squares
D:9:      layout_irregular_city, amcnicky_altar_gilded,
          mainiacjoe_overflow_tiny_flanked, hangedman_minor_gate_pass

Skill      XL: |  1  2  3  4  5  6  7  8  9 10 |
---------------+-------------------------------+-----
Dodging        | 2 3 4 |  4.9
Spellcasting   | 2 3 4 5 6 7 |  7.1
Fighting       | 1 2 3 4 5 7 |  7.8
Ice Magic      | 4 5 7 8 |  8.8
Stealth        | |  1.7

Action                   |  1- 3 |  4- 6 |  7- 9 | 10-12 || total
-------------------------+-------+-------+-------+-------++-------
Melee: Unarmed           |    34 |     4 |       |       ||    38
       Short sword       |       |    64 |   112 |       ||   176
       Punch             |       |     1 |       |       ||     1
       Spear             |       |       |   251 |       ||   251
       Long sword        |       |       |     6 |     2 ||     8
 Cast: Freeze            |    75 |    28 |    70 |     4 ||   177
       Ozocubu's Armour  |       |     8 |    36 |     6 ||    50
       Frozen Ramparts   |       |     7 |    48 |     7 ||    62
       Hailstorm         |       |       |    18 |     2 ||    20
       Summon Ice Beast  |       |       |       |     2 ||     2
  Use: Scroll            |     6 |     1 |    10 |     2 ||    19
       Potion            |       |       |     3 |     3 ||     6
 Stab: Sleeping          |     2 |     1 |     3 |       ||     6
Armor: Robe              |     9 |    29 |    99 |       ||   137
       Steam dragon scal |       |       |    33 |    23 ||    56
Dodge: Dodged            |    68 |    68 |   349 |    15 ||   500

Table legend: (Time is in decaauts)
 A = Elapsed time spent in this place.
 B = Non-inter-level travel time spent in this place.
 C = Inter-level travel time spent in this place.
 D = Time resting spent in this place.
 E = Time spent auto-exploring this place.
 F = Levels seen in this place.
 G = Mean time per level.
                   A        B        C        D        E       F      G
               +--------+--------+--------+--------+--------+-----+--------+
         Total |  11227 |  10786 |    441 |   2362 |   6467 |  10 | 1122.7 |
       Dungeon |  11176 |  10735 |    441 |   2362 |   6467 |   9 | 1241.8 |
        Bailey |     50 |     50 |      0 |      0 |      0 |   1 |   50.0 |
               +--------+--------+--------+--------+--------+-----+--------+

Top non-repeatable levels by time:
     D:8: 1797 daAuts
     D:7: 1625 daAuts
     D:6: 1619 daAuts
     D:1: 1518 daAuts
     D:3: 1454 daAuts
     D:5: 1384 daAuts
     D:2: 871 daAuts
     D:4: 643 daAuts
     D:9: 263 daAuts
  Bailey: 50 daAuts
